 Dungeon Crawl Stone Soup version 0.18-a0-1626-g65af6d3 (webtiles) character file.

20685 Omaping the Severer (level 12, 0/110 HPs)
             Began as a Hill Orc Fighter on Mar 23, 2016.
             Was a High Priest of Trog.
             Killed by divine providence
             ... invoked by an orc priest
              (9 damage)
             ... on level 12 of the Dungeon on Mar 24, 2016.
             The game lasted 01:58:59 (13745 turns).

Omaping the Severer (Hill Orc Fighter)             Turns: 13745, Time: 01:59:00

Health: 0/110      AC: 21    Str: 26    XL:     12   Next: 82%
Magic:  12/12      EV:  7    Int:  8    God:    Trog [*****.]
Gold:   980        SH:  0    Dex: 13    Spells: 0 memorised, 11 levels left

rFire  . . .     SeeInvis .     a - +1 battleaxe
rCold  . . .     Gourm    .     L - +0 plate armour
rNeg   + . .     Faith    .     (shield currently unavailable)
rPois  +         Spirit   .     (helmet restricted)
rElec  +         Dismiss  .     U - +0 cloak
rCorr  .         Reflect  .     W - +0 pair of gloves
SustAt .         Harm     .     w - +0 pair of boots
MR     .....                    e - amulet of regeneration
Stlth  ..........               g - ring of Hififeah {rPois rN+}
                                I - +3 ring of strength

@: exhausted, slowed, very slow, not resistant to hostile enchantments,
extremely unstealthy
A: beak, iridescent scales 1, molten scales 1, thin metallic scales 1, agile 1,
blurry vision 1, deformed body, screaming 1, electricity resistance, evolution 1
a: Berserk, Trog's Hand, Brothers in Arms, Burn Spellbooks, Renounce Religion,
Convert to Beogh


You were on level 12 of the Dungeon.
You worshipped Trog.
Trog was extremely pleased with you.
You were very hungry.

You visited 3 branches of the dungeon, and saw 16 of its levels.

You collected 1618 gold pieces.
You spent 638 gold pieces at shops.

Inventory:

Hand Weapons
 a - a +1 battleaxe (weapon)
 c - a +0 flail of draining
 l - a +1 war axe of flaming
 q - a +2 dire flail of crushing
Missiles
 C - 177 arrows
 G - 9 arrows of flame
Armour
 w - a +0 pair of boots (worn)
 L - a +0 plate armour (worn)
 U - a +0 cloak (worn)
 W - a +0 pair of gloves (worn)
Jewellery
 e - an amulet of regeneration (around neck)
 g - the ring of Hififeah (right hand) {rPois rN+}
   (You bought it in a shop on level 2 of the Orcish Mines)

   [ring of positive energy]

   It protects you from poison.
   It protects you from negative energy.
 k - an uncursed amulet of the gourmand
 n - a +5 ring of dexterity
 v - an uncursed ring of flight
 x - an uncursed ring of protection from cold
 A - an uncursed amulet of harm
 I - a +3 ring of strength (left hand)
 Q - an uncursed ring of sustain attributes
Wands
 u - a wand of acid (10/15)
 B - a wand of polymorph (21/24)
 H - a wand of lightning (9/15)
 R - a wand of paralysis (13/24)
 V - a wand of lightning (11/15)
 X - a wand of iceblast (5/15)
Scrolls
 b - a scroll of noise {unknown}
 h - a scroll of enchant armour {unknown}
 m - a scroll of random uselessness {unknown}
 s - a scroll of identify
 t - a scroll of blinking
 y - 2 scrolls of remove curse
 E - a scroll of holy word {unknown}
 F - a scroll of amnesia {unknown}
 J - 2 scrolls of magic mapping
 O - 5 scrolls of teleportation
Potions
 j - 5 potions of flight
 p - 2 potions of curing
 r - 2 potions of agility
 z - a potion of lignification
 K - 2 potions of resistance
 S - a potion of might
Miscellaneous
 M - a phial of floods
Comestibles
 f - 10 bread rations
 i - 18 fruits
 o - a beef jerky
 D - 3 chunks of flesh
 N - 4 royal jellies


   Skills:
 + Level 11.3 Fighting
 * Level 19.1 Axes
 + Level 11.3 Armour
   Level 3.4 Shields


You had 11 spell levels left.
You didn't know any spells.

Dungeon Overview and Level Annotations

Branches:
Dungeon (13/15)            Temple (1/1) D:7            Lair (0/8) D:10
    Orc (2/2) D:12            Elf (0/3) Orc:2
 Vaults: D:13-14

Altars:
Ashenzari
Cheibriados
Dithmenos
Elyvilon
Fedhas
Kikubaaqudgha
Makhleb
Nemelex Xobeh
Okawaru
Pakellas
Qazlal
Ru
Sif Muna
Trog
Vehumet
Xom
Yredelemnul
Zin
The Shining One

Shops:
D:5 *   D:6 :   D:8 }   Orc:1 *   Orc:2 =(*??

Annotations:
D:11 exclusions: hydra and 2 more exclusions
D:12 Rupert


Innate Abilities, Weirdness & Mutations

You have a beak for a mouth.
You are partially covered in iridescent scales (AC +4).
You are partially covered in molten scales (AC +1).
You are partially covered in thin metallic scales (AC +2).
You are agile. (Dex +2)
Scrolls take you a little longer to read.
Armour fits poorly on your strangely shaped body.
You occasionally shout uncontrollably at your foes.
You are resistant to electric shocks.
You evolve.


Message History

The six-headed hydra bites you but does no damage. x2
You feel your anger subside.
You are no longer berserk.
You are exhausted.
You feel yourself slow down.
You are feeling very hungry.
Rupert hits you with a vampiric battleaxe.
* * * LOW HITPOINT WARNING * * *
Rupert barely misses you.
You hear a shout!
Rupert hits you with a vampiric battleaxe.
* * * LOW HITPOINT WARNING * * *
The orc priest threatens, "By the altar or by the axe, you will meet Beogh!"
Rupert hits you with a vampiric battleaxe!
* * * LOW HITPOINT WARNING * * *
Read which item? (? for menu, Esc to quit)
Really read with blurry vision while enemies are nearby?
Okay, then.
The orc priest mumbles some strange prayers to Beogh against you.
Beogh smites you!
You die...

#........##.#######.......
#........##.#######.(##..#
#................##..##..#
########.#.......##..#...#
##.#.......#.......#
##..........#.......#
#..#<.......#.#......
#.###.......#.##..#.#
#..#@.......#.##.##.#
##.@.###.####.##.##.#
###D...##.# #.......#
#.o.......# ####.####
#o####.##########.# ##o##
#.##.........####
##...###.#>....######.(.
#.#o.o..........# #.##
##.#.###........# #.##


You could see Rupert (berserk), a six-headed hydra, an orc priest, an orc wizard
and an orc.

Vanquished Creatures
  Harold (D:11)
  5 orc high priests (Orc:2)
  Sonja (D:11)
  8 orc knights (Orc:2)
  2 orc sorcerers (Orc:2)
  Maurice (D:11)
  A komodo dragon (D:10)
  2 trolls
  3 two-headed ogres
  Prince Ribbit (D:6)
  3 yaks (D:11)
  A wyvern (D:12)
  Edmund (D:5)
  A warg (Orc:1)
  A water moccasin (D:10)
  A black bear (D:10)
  28 orc warriors
  3 sky beasts
  An eye of draining (D:12)
  4 ice beasts
  8 ogres
  2 phantoms
  6 centaurs
  2 big kobolds
  A giant frog (D:9)
  A wyvern skeleton (D:7)
  A water moccasin skeleton (D:5)
  5 scorpions
  22 killer bees
  3 spriggan skeletons (D:9)
  8 howler monkeys
  A troll skeleton (D:9)
  3 crimson imps
  3 jellies
  A wasp zombie (D:9)
  2 quasits
  2 giant frog zombies
  2 hounds
  4 centaur skeletons
  28 orc priests
  Crazy Yiuf (D:7)
  7 giant frog skeletons
  3 iguanas
  Jessica (D:2)
  Ijyb (D:2)
  14 orc wizards
  8 worker ants
  A howler monkey skeleton (D:8)
  10 adders
  A shadow imp (D:5)
  3 oozes
  2 adder skeletons
  A worm (D:4)
  2 dart slugs
  5 giant geckos
  72 orcs
  6 giant cockroaches
  2 gnoll zombies (D:7)
  9 goblins
  4 hobgoblins
  7 jackals
  3 quokkas
  5 bats
  A giant gecko skeleton (D:7)
  5 giant newts
  16 kobolds
  4 rats
368 creatures vanquished.

Vanquished Creatures (collateral kills)
  An orc warrior (Orc:2)
1 creature vanquished.

Vanquished Creatures (others)
  A plant (D:10)
1 creature vanquished.

Grand Total: 370 creatures vanquished

Notes
Turn   | Place    | Note
--------------------------------------------------------------
     0 | D:1      | Omaping the Hill Orc Fighter began the quest for the Orb.
     0 | D:1      | Reached XP level 1. HP: 19/19 MP: 1/1
   254 | D:1      | Reached skill level 3 in Axes
   403 | D:1      | Reached XP level 2. HP: 26/26 MP: 2/2
   663 | D:1      | Reached skill level 4 in Axes
   959 | D:2      | Reached XP level 3. HP: 29/31 MP: 3/3
  1003 | D:2      | Reached skill level 5 in Axes
  1212 | D:2      | Reached XP level 4. HP: 37/39 MP: 4/4
  1400 | D:2      | Noticed Jessica
  1405 | D:2      | Killed Jessica
  1405 | D:2      | Reached skill level 6 in Axes
  1437 | D:2      | Noticed Ijyb
  1466 | D:2      | Killed Ijyb
  1466 | D:2      | Reached XP level 5. HP: 41/46 MP: 5/5
  1891 | D:3      | Found an iron altar of Okawaru.
  2039 | D:3      | Found a shattered altar of Ashenzari.
  2048 | D:3      | Found a faded altar to an unknown god.
  2231 | D:4      | Found an ancient bone altar of Kikubaaqudgha.
  2247 | D:4      | Reached skill level 7 in Axes
  2271 | D:4      | Noticed an ogre
  2358 | D:4      | Noticed a phantom
  2598 | D:4      | Reached XP level 6. HP: 48/52 MP: 6/6
  3090 | D:4      | Found a white marble altar of Elyvilon.
  3200 | D:5      | Entered Level 5 of the Dungeon
  3227 | D:5      | Reached skill level 8 in Axes
  3423 | D:5      | Found a blossoming altar of Fedhas.
  3462 | D:5      | Noticed an ice beast
  3523 | D:4      | Killed a phantom
  3704 | D:5      | Reached XP level 7. HP: 37/59 MP: 7/7
  3819 | D:5      | Reached skill level 9 in Axes
  3824 | D:5      | Noticed Edmund
  3870 | D:5      | Killed Edmund
  3870 | D:5      | Reached skill level 5 in Armour
  3954 | D:5      | Found Fuyh Lavye's General Store.
  4023 | D:5      | Bought a scroll of magic mapping for 38 gold pieces
  4023 | D:5      | Bought a potion of resistance for 110 gold pieces
  4023 | D:5      | Bought a scroll of identify for 22 gold pieces
  4084 | D:5      | Found a stormy altar of Qazlal.
  4318 | D:5      | Reached skill level 5 in Fighting
  4318 | D:5      | Reached XP level 8. HP: 66/68 MP: 8/8
  5005 | D:6      | Found a deep blue altar of Sif Muna.
  5013 | D:6      | Noticed Prince Ribbit
  5117 | D:6      | Reached skill level 10 in Axes
  5210 | D:6      | Found a blossoming altar of Fedhas.
  5421 | D:6      | Found a radiant altar of Vehumet.
  5562 | D:6      | Killed Prince Ribbit
  5726 | D:6      | Reached skill level 11 in Axes
  5783 | D:6      | Found Logiyqyl's Book Boutique.
  6201 | D:7      | Found a staircase to the Ecumenical Temple.
  6210 | Temple   | Entered the Ecumenical Temple
  6218 | Temple   | Became a worshipper of Trog the Wrathful
  6332 | D:7      | Reached XP level 9. HP: 57/75 MP: 9/9
  6425 | D:7      | Found a basalt altar of Yredelemnul.
  6571 | D:7      | Noticed Crazy Yiuf
  6581 | D:7      | Killed Crazy Yiuf
  6787 | D:8      | Found a glowing silver altar of Zin.
  6805 | D:8      | Reached skill level 12 in Axes
  6870 | D:8      | Found Amihuuc's Gadget Boutique.
  7014 | D:8      | Gained mutation: You occasionally shout uncontrollably at your foes. [mutagenic meat]
  7015 | D:8      | Gained mutation: You are agile. (Dex +2) [mutagenic meat]
  7016 | D:8      | Gained mutation: You evolve. [mutagenic meat]
  7017 | D:8      | Gained mutation: Armour fits poorly on your strangely shaped body. [mutagenic meat]
  7018 | D:8      | Gained mutation: You are frail (-10% HP). [mutagenic meat]
  7019 | D:8      | Lost mutation: You are frail (-10% HP). [mutagenic meat]
  7101 | D:8      | Reached * piety under Trog
  7556 | D:9      | Reached skill level 13 in Axes
  7735 | D:9      | Reached XP level 10. HP: 50/86 MP: 10/10
  7870 | D:9      | Reached ** piety under Trog
  8068 | D:9      | Found a shadowy altar of Dithmenos.
  8204 | D:9      | Gained mutation: Your magical capacity is low (-10% MP). [mutagenic meat]
  8205 | D:9      | Gained mutation: Scrolls take you a little longer to read. [mutagenic meat]
  8206 | D:9      | Gained mutation: You have a beak for a mouth. [mutagenic meat]
  8306 | D:9      | Reached skill level 14 in Axes
  8572 | D:10     | Entered Level 10 of the Dungeon
  8825 | D:10     | Lost mutation: Your magical capacity is low (-10% MP). [evolution]
  8829 | D:10     | Gained mutation: You are resistant to electric shocks. [mutagenic meat]
  8830 | D:10     | Gained mutation: You are partially covered in iridescent scales (AC +4). [mutagenic meat]
  9090 | D:10     | Reached *** piety under Trog
  9143 | D:10     | Found a staircase to the Lair.
  9512 | D:11     | Reached skill level 15 in Axes
  9756 | D:11     | Noticed Sonja
  9759 | D:11     | Killed Sonja
  9759 | D:11     | Reached XP level 11. HP: 85/97 MP: 11/11
  9817 | D:11     | Noticed Maurice
  9844 | D:11     | Killed Maurice
  9874 | D:11     | Noticed Harold
  9916 | D:11     | Killed Harold
  9916 | D:11     | Reached skill level 16 in Axes
 10214 | D:11     | Reached **** piety under Trog
 10306 | D:11     | Noticed a six-headed hydra
 10824 | D:12     | Gained mutation: You are partially covered in molten scales (AC +1). [evolution]
 10941 | D:12     | Found a staircase to the Orcish Mines.
 10945 | D:12     | Noticed a five-headed hydra
 11120 | D:12     | Noticed Rupert
 11318 | D:13     | Noticed a six-headed hydra
 11330 | Orc:1    | Entered Level 1 of the Orcish Mines
 11453 | Orc:2    | Entered Level 2 of the Orcish Mines
 11566 | Orc:2    | Found a staircase to the Elven Halls.
 11571 | Orc:2    | Found Seran's Magic Scroll Emporium.
 11714 | Orc:2    | Noticed an orc sorcerer
 11722 | Orc:2    | Killed an orc sorcerer
 11722 | Orc:2    | Reached skill level 10 in Armour
 11826 | Orc:2    | Noticed an orc sorcerer
 11838 | Orc:2    | Killed an orc sorcerer
 11838 | Orc:2    | Reached skill level 10 in Fighting
 12020 | Orc:2    | Reached ***** piety under Trog
 12076 | Orc:2    | Noticed an orc knight
 12095 | Orc:2    | Killed an orc knight
 12095 | Orc:2    | Reached skill level 17 in Axes
 12199 | Orc:2    | Noticed an orc knight
 12217 | Orc:2    | Killed an orc knight
 12260 | Orc:2    | Noticed an orc high priest
 12267 | Orc:2    | Killed an orc high priest
 12267 | Orc:2    | Reached XP level 12. HP: 107/107 MP: 12/12
 12286 | Orc:2    | Noticed an orc high priest
 12289 | Orc:2    | Noticed an orc high priest
 12297 | Orc:2    | Killed an orc high priest
 12297 | Orc:2    | Received a gift from Trog
 12297 | Orc:2    | Reached skill level 18 in Axes
 12306 | Orc:2    | Killed an orc high priest
 12749 | Orc:2    | Noticed an orc high priest
 12749 | Orc:2    | Noticed an orc high priest
 12750 | Orc:2    | Found Byxzusof's Magic Scroll Boutique.
 12750 | Orc:2    | Found Imosuk's Jewellery Boutique.
 12751 | Orc:2    | Found Weseitam's General Store.
 12751 | Orc:2    | Found Zihyv's Weapon Boutique.
 12758 | Orc:2    | Killed an orc high priest
 12763 | Orc:2    | Killed an orc high priest
 12813 | Orc:2    | Bought the ring of Hififeah {rPois rN+} for 468 gold pieces
 13239 | Orc:1    | Reached skill level 19 in Axes
 13261 | Orc:1    | Found Daisk's General Store.
 13588 | Orc:2    | Gained mutation: You are partially covered in thin metallic scales (AC +2). [potion of mutation]
 13620 | Orc:2    | Upgraded the game from 0.18-a0-1577-gf591c28 to 0.18-a0-1626-g65af6d3
 13745 | D:12     | Killed from afar by an orc priest

Vault maps used:
D:1:      elethiomel_arrival_infinity_welcomes_careful_drivers
D:2:      uniq_iyjb, uniq_jessica
D:3:      old_standard_altar, ashenzari_conservatory_becter, first_bread,
          ecumenical_altar_1
D:4:      lemuel_coloured_pillars_altar, old_standard_altar, kennysheep_dice
D:5:      grunt_temple_overflow_forces_of_nature, serial_shops,
          nicolae_shop_temple_entry_statues_fountains, uniq_edmund
D:6:      lemuel_crystal_altar, lemuel_doored_altar, serial_shops,
          kennysheep_mini_moat, fedhas_altar_1, uniq_prince_ribbit1
D:7:      lemuel_zombie_altar_yredelemnul, minmay_temple_entry_glassed_door,
          uniq_crazy_yiuf_cottage
D:8:      lemuel_round_altar, serial_shops, shop
D:9:      grunt_dithmenos_smoke, nicolae_overflow_hidden_temple,
          hangedman_tell_no_tales, grunt_ministairs_13
D:10:     david_lair_shrubbed
D:11:     uniq_harold, uniq_maurice, uniq_sonja
D:12:     uniq_rupert
D:13:     grunt_vaults_entry_tiered, serial_shops, nicolae_shop_behind_doors,
          shop_fountains, shop_statue, hangedman_cracks_in_the_wall, uniq_snorg
Temple:   temple_eino_lava_8
Orc:1:    serial_shops, shop
Orc:2:    st_orc_pillars, serial_shops, shop, amalloy_card_club

Skill      XL: |  1  2  3  4  5  6  7  8  9 10 11 12 |
---------------+-------------------------------------+-----
Axes           | 3 4 5 6 7 8 9 11 13 15 17 19 | 19.1
Fighting       | 4 5 6 7 9 10 11 | 11.3
Armour         | 4 5 6 8 9 10 11 | 11.3
Shields        | |  3.4

Action                   |  1- 3 |  4- 6 |  7- 9 | 10-12 || total
-------------------------+-------+-------+-------+-------++-------
Melee: War axe           |    79 |   157 |    11 |       ||   247
       Hand axe          |       |       |   478 |   591 ||  1069
       Battleaxe         |       |       |       |   181 ||   181
       Flail             |       |       |       |    10 ||    10
Invok: Burn Spellbooks   |       |       |     1 |     1 ||     2
       Berserk           |       |       |       |     6 ||     6
       Brothers in Arms  |       |       |       |     1 ||     1
Evoke: Wand              |       |       |       |     3 ||     3
  Use: Scroll            |     1 |     3 |     4 |    14 ||    22
       Potion            |     1 |     2 |     8 |     6 ||    17
  Eat: Chunk             |     1 |     7 |    11 |    26 ||    45
       Pizza             |       |     1 |       |       ||     1
       Meat ration       |       |       |     2 |       ||     2
       Royal jelly       |       |       |     1 |       ||     1
       Beef jerky        |       |       |       |     3 ||     3
